 Dungeon Crawl Stone Soup version 0.26-a0-652-gafc20e3620 (webtiles) character file.

Game seed: 10401087756038019481

(classic levelgen) 7940 EnegeticOcto the Cruncher (level 11, -5/98 HPs)
             Began as a Naga Gladiator on Oct 1, 2020.
             Was a High Priest of Elyvilon.
             Slain by a two-headed ogre
             ... wielding a +0 giant spiked club
              (10 damage)
             ... on level 11 of the Dungeon.
             The game lasted 00:33:37 (14968 turns).

EnegeticOcto the Cruncher (Naga Gladiator)         Turns: 14968, Time: 00:33:38

Health: -5/98      AC: 12    Str: 19    XL:     11   Next: 23%
Magic:  14/17      EV: 10    Int:  8    God:    Elyvilon [*****.]
Gold:   11         SH:  0    Dex: 14    Spells: 10/10 levels left

rFire    . . .     SeeInvis +   a - +2 quarterstaff
rCold    . . .     Faith    +   (shield currently unavailable)
rNeg     . . .     Spirit   .   F - +0 chain mail
rPois    +         Reflect  .   u - +1 helmet
rElec    .         Harm     .   E - +1 cloak {rCorr}
rCorr    +         Rampage  .   M - +0 pair of gloves
MR       ++...                  (no barding)
Stlth    +.........             b - amulet of faith
HPRegen  0.26/turn              G - +4 ring of evasion
MPRegen  0.15/turn              v - ring "Fuamerph" {MR+ Stlth+}

@: very slow
A: large, see invisible, deformed body, poison resistance, slowness 2, spit
poison 1, AC +3
a: Spit Poison, Lesser Healing, Heal Other, Purification, Greater Healing,
Divine Vigour, Divine Protection, Renounce Religion


You were on level 11 of the Dungeon.
You worshipped Elyvilon.
Elyvilon was extremely pleased with you.
You visited 2 branches of the dungeon, and saw 12 of its levels.
You visited 1 bazaar.

You collected 927 gold pieces.
You spent 916 gold pieces at shops.

Inventory:

Hand Weapons
 a - a +2 quarterstaff (weapon)
 D - a +4 quarterstaff of chaos
 J - a +2 shortbow of freezing
Missiles
 d - 3 throwing nets {!f}
 g - 208 arrows
 x - 62 poisoned darts (quivered)
 A - 9 boomerangs
Armour
 u - a +1 helmet (worn)
 E - a +1 cloak of preservation (worn)
 F - a +0 chain mail (worn)
 M - a +0 pair of gloves (worn)
Jewellery
 b - an amulet of faith (around neck)
 v - the ring "Fuamerph" (right hand) {MR+ Stlth+}
   (You found it on level 8 of the Dungeon)

   [ring of stealth]

   It affects your resistance to hostile enchantments.
   It makes you more stealthy.
 G - a +4 ring of evasion (left hand)
 K - an uncursed ring of flight
Wands
 c - a wand of digging (5) {@v3}
 f - a wand of iceblast (14) {@v2}
 r - a wand of enslavement (19)
 w - a wand of acid (9) {@v1}
 B - a wand of flame (49) {@v4}
 I - a wand of paralysis (8)
 N - a wand of disintegration (7)
Scrolls
 e - 3 scrolls of immolation
 i - 10 scrolls of remove curse {@r2}
 k - 2 scrolls of fog {!r}
 n - 3 scrolls of enchant weapon
 o - 5 scrolls of teleportation {@r3 !r}
 y - 2 scrolls of blinking {@r4}
Potions
 h - 2 potions of ambrosia
 j - a potion of magic
 l - a potion of mutation
 m - 5 potions of stabbing {@q5 !q}
 p - 2 potions of haste {@q4 !q}
 q - 3 potions of flight
 s - 3 potions of heal wounds {@q2 !q}
 t - 8 potions of curing {@q1 !q}
 z - 3 potions of lignification {@q6}
 C - 2 potions of might {@q3 !q}
 H - a potion of cancellation
 L - a potion of resistance


   Skills:
 + Level 6.3 Fighting
 * Level 12.4 Staves
 - Level 1.7 Throwing
 - Level 2.4 Dodging
 - Level 7.0 Stealth
 + Level 8.8 Invocations
 - Level 4.0 Evocations


You had 10 spell levels left.
You didn't know any spells.
Your spell library contained the following spells:

 Spells                   Type           Power        Failure   Level
 Bolt of Magma            Conj/Fire/Erth #.........   100%        5
 Iskenderun's Battlesphe  Conj           #.......     100%        5
 Iron Shot                Conj/Erth      #.........   100%        6
 Orb of Destruction       Conj           #.........   100%        7
 Spellforged Servitor     Conj/Summ      #.........   100%        7


Dungeon Overview and Level Annotations

Branches:
Dungeon (11/15)            Temple (1/1) D:6            Lair (0/6) D:10
    Orc (0/2) D:11

Altars:
Ashenzari
Cheibriados
Dithmenos
Elyvilon
Fedhas
Hepliaklqana
Kikubaaqudgha
Qazlal
Sif Muna
Trog
Uskayaw
Vehumet
Wu Jian
Xom
Yredelemnul
Zin
The Shining One

Annotations:
D:9 exclusion: two-headed ogre


Innate Abilities, Weirdness & Mutations

You cannot wear boots.
Your serpentine skin is tough. (AC +3)
You have supernaturally acute eyesight. (SInv)
Armour fits poorly on your strangely shaped body.
Your system is resistant to poisons. (rPois)
You cover ground very slowly.
You can spit poison.


Message History

o - 5 scrolls of teleportation {@r3 !r} (gained 1)
Found an escape hatch in the ceiling.
Found 19 stones.
An orc priest comes into view. It is wielding a +0 mace.
The orc priest moves out of view.
An orc priest comes into view.
The orc priest shouts!
You hear a shout!
An orc comes into view. It is wielding a +0 flail.
The orc priest mumbles some strange prayers to Beogh against you.
Beogh smites you!
An orc comes into view.
You hear a shout!
An orc comes into view.
A two-headed ogre comes into view.
It is wielding a +0 giant spiked club and a +0 giant club.
The two-headed ogre shouts in stereo!
The orc hits you but does no damage.
The orc priest casts a cantrip, but nothing happens.
The orc priest mumbles some strange prayers to Beogh against you.
Beogh smites you!
You hit the orc.
The orc is moderately wounded.
The orc barely misses you.
You hit the orc.
You kill the orc!
The orc priest misses you. The orc barely misses you. x2
The orc hits you but does no damage.
There is an open door, spattered with blood here.
You see here an orc corpse.
You hit the two-headed ogre.
The two-headed ogre is lightly wounded.
The orc hits you but does no damage.
You hit the two-headed ogre but do no damage.
The two-headed ogre is lightly wounded.
The orc hits you but does no damage.
The two-headed ogre hits you with a +0 giant spiked club.
The two-headed ogre closely misses you.
You hit the two-headed ogre.
The two-headed ogre is lightly wounded.
The orc hits you with a +0 flail. The orc hits you but does no damage.
You hit the two-headed ogre.
The two-headed ogre is lightly wounded.
The two-headed ogre hits you with a +0 giant spiked club.
The two-headed ogre barely misses you.
You hit the two-headed ogre.
The two-headed ogre is lightly wounded.
The orc hits you but does no damage. x2
You hit the two-headed ogre.
The two-headed ogre is moderately wounded.
The two-headed ogre hits you with a +0 giant spiked club!
The two-headed ogre hits you with a +0 giant club!
The orc barely misses you.
You are too injured to fight recklessly!
You are healed.
The orc priest invokes the aid of Beogh against you.
Beogh smites you!
Evoke which item? (* to show all) (? for menu, Esc to quit)
Aiming: Corrosive Bolt
Press: ? - help, Shift-Dir - straight line, f - two-headed ogre
Aim: a two-headed ogre, wielding a +0 giant spiked club and a +0 giant club (lightly wounded)
The bolt of acid hits the two-headed ogre!
The two-headed ogre is splashed with acid!
The two-headed ogre is heavily wounded.
The bolt of acid hits the orc!
The orc is splashed with acid.
The acid corrodes the orc!
You kill the orc!
The bolt of acid hits the orc priest!
The orc priest is splashed with acid.
The acid corrodes the orc priest!
You kill the orc priest!
The two-headed ogre closely misses you. The two-headed ogre barely misses you.
Evoke which item? (* to show all) (? for menu, Esc to quit)
Aiming: Corrosive Bolt
Press: ? - help, Shift-Dir - straight line, f/p - two-headed ogre
Aim: a two-headed ogre, wielding a +0 giant spiked club and a +0 giant club (heavily wounded)
The bolt of acid misses the two-headed ogre.
The bolt of acid hits the orc priest!
The orc priest is splashed with acid.
The acid corrodes the orc priest!
You kill the orc priest!
You are healed.
The two-headed ogre hits you with a +0 giant spiked club!
The two-headed ogre barely misses you.
You sock the two-headed ogre!
The two-headed ogre is almost dead.
The two-headed ogre barely misses you.
The two-headed ogre hits you with a +0 giant club!
You barely miss the two-headed ogre.
The two-headed ogre is almost dead.
You hit the two-headed ogre.
The two-headed ogre is almost dead.
The two-headed ogre hits you with a +0 giant spiked club!!
* * * LOW HITPOINT WARNING * * *
The two-headed ogre hits you with a +0 giant club.
* * * LOW HITPOINT WARNING * * *
You hit the two-headed ogre.
The two-headed ogre is almost dead.
You barely miss the two-headed ogre.
The two-headed ogre is almost dead.
The two-headed ogre hits you with a +0 giant spiked club!
* * * LOW HITPOINT WARNING * * *
The two-headed ogre hits you with a +0 giant club!
You die...

*>* *,,, ##### *,* *****+** ....#
*###########+###**,,,,,,,
....#****..............#,+,,,,,,,
..<.#,,,+..............+,*,,,,,,,
....+,***.......†......#**,,,,,,,
....#** *.......o......# *,,,,,,,
...[# *******#O#****** ********
##### ##@# * ###### #..# * ...§.#
#.## * ####.### #.# * .§§§...#
######.#######* §.§.§§.#
#.............* ***** .§§.§§§#
#..........(..* *,,,,
§.§.§.§###.............* ****,,,,
.§.....§.#.....<.......***,,+,,,,


You could see a two-headed ogre and an orc.

Vanquished Creatures
  Joseph (D:8)
  2 trolls
  Prince Ribbit (D:8)
  A harpy skeleton (D:10)
  2 hippogriffs
  3 yaks
  A spriggan (D:7)
  A water moccasin (D:10)
  5 orc warriors
  5 sky beasts
  4 ice beasts
  4 ogres
  4 phantoms
  A centaur (D:10)
  5 bullfrogs
  2 gnoll sergeants
  A scorpion (D:10)
  4 killer bees (D:8)
  4 howler monkeys
  A jelly (D:5)
  13 wights
  A bullfrog zombie (D:8)
  2 centaur zombies
  2 hounds
  A centaur skeleton (D:6)
  Crazy Yiuf (D:6)
  12 orc priests
  4 gnoll shamans (D:5)
  3 bullfrog skeletons
  2 iguanas
  18 orc wizards
  5 worker ants
  Robin (D:3)
  15 adders
  39 gnolls
  A shadow imp (D:5)
  3 white imps
  2 ufetubi (D:7)
  An ooze (D:6)
  An adder skeleton (D:5)
  7 worms
  4 leopard geckos
  45 orcs
  3 ball pythons
  7 bats
  7 giant cockroaches
  18 goblins
  13 hobgoblins
  35 jackals
  5 quokkas
  5 frilled lizards
  A jackal skeleton (D:4)
  7 kobolds
  A leopard gecko skeleton (D:7)
  5 rats
342 creatures vanquished.

Vanquished Creatures (others)
  An orc priest (D:6)
  An orc (D:6)
  3 plants (D:5)
5 creatures vanquished.

Grand Total: 347 creatures vanquished

Notes
Turn   | Place    | Note
-------+----------+-------------------------------------------
     0 | D:1      | EnegeticOcto the Naga Gladiator began the quest for the
                  | Orb.
     0 | D:1      | Reached XP level 1. HP: 19/19 MP: 1/1
   430 | D:1      | Reached skill level 1 in Stealth
   491 | D:1      | Reached XP level 2. HP: 24/26 MP: 2/2
   614 | D:1      | Reached skill level 2 in Stealth
  1197 | D:1      | Reached XP level 3. HP: 32/32 MP: 3/3
  1485 | D:2      | Reached skill level 3 in Stealth
  1832 | D:2      | Reached skill level 4 in Staves
  1832 | D:2      | Reached XP level 4. HP: 39/39 MP: 4/4
  1841 | D:2      | You fall into a shaft and drop 2 floors!
  1859 | D:4      | Reached skill level 4 in Stealth
  1901 | D:4      | Reached XP level 5. HP: 16/45 MP: 5/5
  2189 | D:3      | Reached skill level 5 in Stealth
  2912 | D:3      | Found a snail-covered altar of Cheibriados.
  3057 | D:3      | Noticed Robin
  3074 | D:3      | Killed Robin
  3232 | D:3      | Found a radiant altar of Vehumet.
  3234 | D:3      | Found a shimmering altar of Xom.
  3235 | D:3      | Found a broken altar of Ashenzari.
  3236 | D:3      | Found a snail-covered altar of Cheibriados.
  3239 | D:3      | Found a white marble altar of Elyvilon.
  3242 | D:3      | Became a worshipper of Elyvilon the Healer
  3704 | D:4      | Reached skill level 5 in Staves
  3704 | D:4      | Reached skill level 6 in Stealth
  3738 | D:4      | Reached XP level 6. HP: 30/52 MP: 6/6
  3744 | D:4      | Reached * piety under Elyvilon
  3748 | D:4      | Noticed a phantom
  4034 | D:4      | Killed a phantom
  4034 | D:4      | Reached skill level 1 in Invocations
  4253 | D:4      | Reached skill level 7 in Stealth
  4312 | D:4      | Reached XP level 7. HP: 55/60 MP: 6/8
  4380 | D:4      | Reached skill level 6 in Staves
  4737 | D:4      | Reached ** piety under Elyvilon
  4884 | D:5      | Entered Level 5 of the Dungeon
  4970 | D:5      | Reached skill level 2 in Invocations
  5971 | D:5      | Found the +0 staff of Battle
  6037 | D:5      | Reached skill level 3 in Invocations
  6145 | D:5      | Reached skill level 7 in Staves
  6345 | D:5      | Reached XP level 8. HP: 63/67 MP: 10/10
  6725 | D:6      | Found a stormy altar of Qazlal.
  6726 | D:6      | Noticed a water elemental
  6749 | D:6      | Reached skill level 4 in Invocations
  6771 | D:6      | Reached skill level 8 in Staves
  6934 | D:6      | Found a staircase to the Ecumenical Temple.
  6936 | D:6      | Reached *** piety under Elyvilon
  6958 | Temple   | Entered the Ecumenical Temple
  7204 | D:6      | Noticed an air elemental
  7230 | D:6      | Found a runed translucent door.
  7231 | D:6      | Noticed Crazy Yiuf
  7243 | D:6      | Killed Crazy Yiuf
  7362 | D:6      | Reached skill level 5 in Invocations
  7612 | D:6      | Reached skill level 9 in Staves
  7864 | D:5      | Reached XP level 9. HP: 61/73 MP: 13/13
  8482 | D:5      | Reached skill level 1 in Evocations
  8503 | D:5      | Reached skill level 6 in Invocations
  9517 | D:7      | Reached skill level 3 in Fighting
  9517 | D:7      | Reached skill level 10 in Staves
  9517 | D:7      | Reached skill level 2 in Evocations
 10492 | D:8      | Reached skill level 3 in Evocations
 10524 | D:8      | Reached XP level 10. HP: 85/85 MP: 15/15
 10556 | D:8      | Noticed Joseph
 10601 | D:8      | Killed Joseph
 10601 | D:8      | Reached skill level 4 in Fighting
 10601 | D:8      | Reached skill level 7 in Invocations
 10888 | D:8      | Got a clouded silver ring
 10950 | D:8      | Reached **** piety under Elyvilon
 11540 | D:8      | Noticed Prince Ribbit
 11548 | D:8      | Killed Prince Ribbit
 11548 | D:8      | Reached skill level 11 in Staves
 11597 | D:8      | Reached skill level 4 in Evocations
 11927 | D:8      | Reached ***** piety under Elyvilon
 12146 | D:9      | Reached skill level 5 in Fighting
 12167 | D:9      | Noticed a two-headed ogre
 12366 | D:9      | Found a bloodstained altar of Trog.
 12400 | D:9      | Reached skill level 8 in Invocations
 13112 | D:10     | Entered Level 10 of the Dungeon
 13382 | D:10     | Reached XP level 11. HP: 49/97 MP: 17/17
 13577 | D:10     | Identified the ring "Fuamerph" {MR+ Stlth+} (You found it
                  | on level 8 of the Dungeon)
 13582 | D:10     | Reached skill level 12 in Staves
 13592 | D:10     | Found a shimmering blue altar of Sif Muna.
 13653 | D:10     | Reached skill level 6 in Fighting
 14377 | D:10     | Found a staircase to the Lair.
 14579 | D:11     | Found a flickering gateway to a bazaar.
 14582 | Bazaar   | Entered a bazaar
 14582 | Bazaar   | Found Agirroot's Distillery.
 14582 | Bazaar   | Found Potsen's Distillery.
 14770 | Bazaar   | Found Jumenn's Armour Emporium.
 14784 | Bazaar   | Found Wyddou Pycu's Gadget Shoppe.
 14797 | Bazaar   | Found Ifeulus's General Store.
 14804 | Bazaar   | Bought a scroll of blinking for 75 gold pieces
 14815 | Bazaar   | Bought a potion of might for 76 gold pieces
 14834 | Bazaar   | Bought a wand of acid (4) for 192 gold pieces
 14834 | Bazaar   | Bought a wand of iceblast (14) for 216 gold pieces
 14853 | Bazaar   | Bought a potion of resistance for 190 gold pieces
 14853 | Bazaar   | Bought a potion of heal wounds for 95 gold pieces
 14867 | Bazaar   | Bought a +0 pair of gloves for 72 gold pieces
 14949 | D:11     | Noticed a two-headed ogre
 14968 | D:11     | Slain by a two-headed ogre

Illustrated notes

Levels and vault maps discovered:
D:1:      lemuel_arrival_tunnels, layout_basic, roderic_roman_lattice
D:2:      layout_loops_ring, lemuel_old_faithful
D:3:      layout_basic, minitemple, cheibriados_altar_1, uniq_robin
D:4:      layout_basic, kennysheep_pointless_box
D:5:      lemuel_castle_with_subvaults [lemuel_castle_interior_carwin_2],
          layout_basic, minivault_24
D:6:      layout_rooms, minmay_temple_entry_trees,
          nicolae_qazlal_style_of_elements, uniq_crazy_yiuf_cottage
D:7:      layout_cave_pools, the_bakery
D:8:      layout_cave_pods, minivault_5, uniq_joseph, uniq_prince_ribbit1
D:9:      layout_rooms, overflow_temple_1_default, kennysheep_diamond
D:10:     kennysheep_orc_sif_temple, layout_cave_pools, lair_entry_dummy
D:11:     layout_roguey, orc_0_dummy, serial_shops, bzr_in_the_mist
Temple:   nicolae_temple_elliptical

Skill      XL: |  1  2  3  4  5  6  7  8  9 10 11 |
---------------+----------------------------------+-----
Stealth        | 1 2 3 4 6 7 |  7.0
Staves         | 4 5 7 9 10 11 12 | 12.4
Invocations    | 1 3 5 6 8 |  8.8
Evocations     | 3 4 |  4.0
Fighting       | 3 5 6 |  6.3
Throwing       | |  1.7
Dodging        | |  2.4

Action                   |  1- 3 |  4- 6 |  7- 9 | 10-12 || total
-------------------------+-------+-------+-------+-------++-------
Melee: Quarterstaff      |    55 |   170 |   492 |   425 ||  1142
Throw: Dart              |       |       |    68 |    64 ||   132
Invok: Lesser Healing    |       |       |     6 |    15 ||    21
       Heal Other        |       |       |     4 |       ||     4
       Greater Healing   |       |       |       |     2 ||     2
 Abil: Spit Poison       |    33 |    17 |    35 |    11 ||    96
Evoke: Wand              |       |       |    38 |    21 ||    59
  Use: Scroll            |     5 |     4 |    10 |     9 ||    28
       Potion            |       |     1 |       |       ||     1
 Stab: Sleeping          |       |     6 |     6 |     1 ||    13
       Distracted        |       |       |     1 |       ||     1
       Paralysed         |       |       |       |     4 ||     4
Armor: Leather armour    |    13 |       |       |       ||    13
       Ring mail         |     5 |    56 |   121 |       ||   182
       Chain mail        |       |       |    47 |   166 ||   213
Dodge: Dodged            |    30 |    71 |   211 |   176 ||   488

Table legend: (Time is in decaauts)
 A = Elapsed time spent in this place.
 B = Non-inter-level travel time spent in this place.
 C = Inter-level travel time spent in this place.
 D = Time resting spent in this place.
 E = Time spent auto-exploring this place.
 F = Levels seen in this place.
 G = Mean time per level.
                   A        B        C        D        E       F      G
               +--------+--------+--------+--------+--------+-----+--------+
         Total |  17614 |  16871 |    743 |   1570 |  11702 |  13 | 1354.9 |
       Dungeon |  17194 |  16483 |    711 |   1570 |  11448 |  11 | 1563.1 |
        Temple |     66 |     34 |     32 |      0 |      0 |   1 |   66.0 |
        Bazaar |    353 |    353 |      0 |      0 |    253 |   1 |  353.0 |
               +--------+--------+--------+--------+--------+-----+--------+

Top non-repeatable levels by time:
     D:5: 2703 daAuts
     D:4: 2174 daAuts
     D:1: 1920 daAuts
     D:8: 1821 daAuts
     D:6: 1743 daAuts
    D:10: 1579 daAuts
     D:7: 1512 daAuts
     D:3: 1257 daAuts
     D:9: 1204 daAuts
     D:2: 1132 daAuts
  Bazaar: 353 daAuts
    D:11: 145 daAuts
  Temple: 66 daAuts
